AoeStats
← Bandolero

Arabia

510161826Analyzed
1v1 RM · 23h ago on Sep 29, 2026· 39m 20s· 2 players
Game mode
Random Map
Map size
Tiny (2 player)
Population
200
Speed
Normal
Resources
Standard
Victory
Conquest
Starting age
Dark Age
Ending age
Imperial Age
RankedLock teamsTeams togetherTeam positionsShared explorationLock speedFull tech treeHidden civsTurbo modeCheats
Victory
Defeat
🇳🇱 Spanish · Netherlands
1386
+16
🇦🇷 Lithuanians · Argentina
1390
-16
zamazingo
6:08 Loom
6:47 Loom
9:20 Feudal Age
9:56 Double-Bit Axe
17:59 Castle Age
17:31 Wheelbarrow
21:04 Squires
23:16 Husbandry
23:27 Bloodlines
26:21 Fletching
33:18 Imperial Age
34:31 Scale Barding Armor
34:48 Gold Mining
34:38 Horse Collar
36:14 Bodkin Arrow
36:40 Chain Barding Armor
37:03 Forging
36:19 Cavalier
Bandolero
6:01 Loom
9:17 Feudal Age
9:50 Double-Bit Axe
20:16 Castle Age
19:19 Forging
19:05 Horse Collar
19:18 Gold Mining
20:04 Bloodlines
21:43 Iron Casting
21:24 Husbandry
23:32 Scale Barding Armor
25:57 Bow Saw
26:26 Devotion
28:18 Chain Barding Armor
28:29 Stone Mining
30:02 Wheelbarrow
30:22 Town Watch
31:33 Padded Archer Armor
31:24 Fletching
36:27 Imperial Age
33:36 Elite Skirmisher
34:47 Bodkin Arrow
35:08 Leather Archer Armor
Connection lost

Rejoining the realm…

Still unreachable

The connection could not be restored.

Session expired

The server has moved on; the page needs a fresh start.